 Dungeon Crawl Stone Soup version bcrawl-1.31.4 (webtiles) character file.

Game seed: 14384210171277011060

383898 Morbidden the Carver (level 11, -1/67 HPs)
             Began as a Skeleton Fighter on June 6, 2021.
             Was an Initiate of Gozag.
             Slain by an acid dragon (3 damage)
             ... on level 9 of the Dungeon.
             The game lasted 00:16:54 (8214 turns).

Morbidden the Carver (Skeleton Fighter)             Turns: 8214, Time: 00:16:54

Health: -1/67      AC:  9    Str: 22 (23) XL:     11   Next: 1%
Magic:  0/23       EV:  7    Int: 10      God:    Gozag
Gold:   798        SH: 15    Dex:  8      Spells: 27/27 levels left

rFire    + . .     SeeInvis +   b - +2 dagger (venom)
rCold    + . .     Gourm    .   y - +0 medium shield {reflect}
rNeg     + + +     Faith    .   r - +2 plate armour {rF+}
rPois    ∞         Spirit   +   w - +0 helmet {SInv}
rElec    .         Reflect  +   (no cloak)
rCorr    .         Harm     .   (no gloves)
MR       +....                  l - +0 pair of boots
Stlth    ..........             d - +4 amulet of reflection
HPRegen  0.21/turn              f - +4 ring of slaying
MPRegen  0.18/turn              v - ring of wizardry

@: about to teleport, corroded
A: no food or potions, cold resistance 1, deterioration 1, negative energy
resistance 3, powered by death 1, torment resistance, unbreathing, magic shield,
sturdy frame 2, spell healing
a: Potion Petition, Call Merchant, Bribe Branch, Renounce Religion


You were on level 9 of the Dungeon.
You worshipped Gozag.
Gozag was pleased with you.
You were not hungry.

You visited 2 branches of the dungeon, and saw 10 of its levels.
You also visited: Ossuary and Bailey.

You collected 1207 gold pieces.
You spent 187 gold pieces at shops.
You paid 222 gold pieces to Gozag.

Inventory:

Hand Weapons
 a - a +0 long sword of flaming
 b - a +2 dagger of venom (weapon)
Missiles
 q - 204 poisoned tomahawks (quivered)
Armour
 l - a +0 pair of boots (worn)
 r - a +2 plate armour of fire resistance (worn)
 w - a +0 helmet of see invisible (worn)
 y - a +0 medium shield of reflection (worn)
Jewellery
 d - a +4 amulet of reflection (around neck)
 f - a +4 ring of slaying (left hand)
 m - an uncursed ring of resist corrosion
 v - a ring of wizardry (right hand)
Wands
 j - a wand of clouds (2)
 k - a wand of acid (5)
 x - a wand of flame (11)
Scrolls
 e - a scroll of teleportation
 g - 2 scrolls of remove curse
 h - 3 scrolls of blinking
 i - 3 scrolls of identify
 n - 5 scrolls of amnesia
 o - 2 scrolls of magic mapping
 p - a scroll of fear
 s - a scroll of vulnerability
 t - 2 scrolls of enchant armour
 u - a scroll of enchant weapon {unknown}


   Skills:
 * Level 7.1 Fighting
 + Level 5.8(8.4) Short Blades
 * Level 9.6(10.2) Long Blades
 + Level 1.7 Throwing
 + Level 6.8 Armour
 * Level 5.8 Dodging
 + Level 1.2 Stealth
 + Level 9.1 Shields
 * Level 8.5 Spellcasting
 + Level 0.1 Evocations


You had 27 spell levels left.
You didn't know any spells.
Your spell library contained the following spells:

 Spells                   Type           Power        Failure   Level  Hunger
 Magic Dart               Conj           #...         89%         1    N/A
 Passwall                 Tmut/Erth      #.......     96%         2    N/A
 Searing Ray              Conj           #.......     96%         2    N/A
 Sticks to Snakes         Tmut           #.......     96%         2    N/A
 Iskenderun's Mystic Bla  Conj           #.......     99%         3    N/A
 Fulminant Prism          Conj/Hex       #.........   100%        4    N/A
 Irradiate                Conj/Tmut      #.........   100%        5    N/A
 Beastly Appendage        Tmut           Unusable     N/A         1    N/A
 Spider Form              Tmut/Pois      Unusable     N/A         3    N/A
 Ice Form                 Ice/Tmut       Unusable     N/A         4    N/A
 Blade Hands              Tmut           Unusable     N/A         5    N/A

Dungeon Overview and Level Annotations

Branches:
Dungeon (9/12)             Temple (1/1) D:7            Lair (0/6) D:9
    Orc (0/1) D:9

Altars:
Ashenzari
Cheibriados
Dithmenos
Elyvilon
Fedhas
Gozag
Hepliaklqana
Kikubaaqudgha
Lugonu
Makhleb
Nemelex Xobeh
Okawaru
Qazlal
Ru
Sif Muna
Trog
Uskayaw
Vehumet
Wu Jian
Xom
Yredelemnul
Zin
The Shining One

Shops:
D:5 (   D:7 [

Annotations:
D:4 3 runed translucent doors, izumii3's ghost, amateur DgSk


Innate Abilities, Weirdness & Mutations

You do not eat or drink.
You are immune to poison.
Your flesh is cold resistant. (rC+)
Your body sometimes deteriorates upon taking damage.
You are immune to negative energy. (rN+++)
You regenerate a little health from kills.
You are immune to unholy pain and torment.
You can survive without breathing.
When hurt, damage is shared between your health and your magic reserves.
Your movements are less encumbered by armour. (ER -4)
Casting spells heals you.


Message History

The basilisk hisses menacingly.
The basilisk gazes at you. You resist with almost no effort.
You turn to bones and can move again.
No path to travel!
No path to travel!
As you read the scroll of teleportation, it crumbles to dust.
You feel strangely unstable. The acid dragon spits acid at you.
The splash of acid hits you.
You are splashed with acid!
* * * LOW HITPOINT WARNING * * *
Your body deteriorates!
You feel weakened. You block the basilisk's attack. The basilisk bites you!
* * * LOW HITPOINT WARNING * * *
No path to travel!
You hit the basilisk.
The basilisk is lightly wounded.
The acid dragon bites you.
You die...
Your body crumbles into a pile of gold.

*,***,**
*********,,,,,,,,..... *,,,,,*
****,,,,,,,,,, **,****
*****,,,,,, *** **,,,,, ** ***
#*** ****** ,* **$***
##*#.,*########### ****,*,,*
#..#.###.........##
**,**,,**####..Dl....###....##
,,***,,,*....?$l@...##
####..####
*,,,,,,,,.....####### ###...#
,,,,,,,,,...*,,***** ####.
,**,,,,,,.,****,,,,*** ##
*,,*,*,,**** ****,*,*
*******,* *,$** * *** ****


You could see 2 basilisks and an acid dragon.

Vanquished Creatures
  A hydra (D:9)
  A centaur warrior (D:7)
  An orc knight (Bailey)
  A queen bee (D:8)
  A troll (D:9)
  A meliai zombie (D:5)
  Sigmund (D:3)
  3 wargs (D:9)
  A crocodile (D:9)
  A black bear (D:9)
  A sky beast (D:8)
  5 orc warriors
  2 ice beasts
  An eye of draining (D:4)
  2 phantoms
  2 centaurs
  5 ogres
  A bullfrog (D:6)
  3 elf zombies (Ossuary)
  4 scorpions
  22 killer bees
  A wight (D:5)
  4 crimson imps
  A centaur zombie (Ossuary)
  2 human zombies (Ossuary)
  A quasit (D:8)
  A jelly (D:5)
  3 orc priests (D:5)
  4 hounds
  4 centaur skeletons
  3 iguanas
  8 worker ants
  7 orc wizards
  A killer bee zombie (D:5)
  2 big kobold zombies (Ossuary)
  2 mummies (Ossuary)
  2 worker ant zombies
  8 adders
  6 gnolls
  A shadow imp (D:5)
  2 oozes
  2 adder skeletons
  5 worms
  2 dart slugs
  3 leopard geckos
  30 orcs
  4 bats
  A giant cockroach (D:3)
  3 goblins (D:1)
  7 hobgoblins
  3 jackals
  6 kobolds
  2 quokkas
  3 ball pythons
  A frilled lizard (D:3)
  2 goblin zombies (Ossuary)
  8 hobgoblin zombies (Ossuary)
  8 kobold zombies (Ossuary)
  11 orc zombies (Ossuary)
  4 rats
228 creatures vanquished.

Vanquished Creatures (others)
  An orc (D:5)
1 creature vanquished.

Grand Total: 229 creatures vanquished

Notes
Turn   | Place    | Note
-------+----------+-------------------------------------------
     0 | D:1      | Morbidden the Skeleton Fighter began the quest for the Orb.
     0 | D:1      | Reached XP level 1. HP: 14/14 MP: 1/1
   149 | D:1      | Reached XP level 2. HP: 17/19 MP: 2/2
   485 | D:1      | Reached XP level 3. HP: 23/23 MP: 4/4
   769 | D:2      | Reached skill level 1 in Spellcasting
   874 | D:2      | Reached skill level 1 in Dodging
  1142 | D:3      | Noticed Sigmund
  1172 | D:3      | Noticed a scorpion
  1179 | D:2      | Killed a scorpion
  1180 | D:2      | Reached XP level 4. HP: 21/28 MP: 6/6
  1187 | D:2      | Reached skill level 1 in Short Blades
  1282 | D:3      | Reached XP level 5. HP: 22/32 MP: 6/8
  1760 | D:3      | Killed Sigmund
  1761 | D:3      | Reached skill level 5 in Shields
  1761 | D:3      | Gained mutation: You regenerate a little health from kills.
                  | [Skeleton growth]
  1761 | D:3      | Reached XP level 6. HP: 33/38 MP: 7/10
  2149 | D:4      | Found a runed translucent gate.
  2150 | D:4      | Found a runed translucent gate.
  2150 | D:4      | Found a runed translucent gate.
  2152 | D:4      | Noticed izumii3's ghost (amateur DgSk)
  2269 | D:4      | Reached XP level 7. HP: 44/44 MP: 12/12
  2441 | D:4      | Reached skill level 5 in Long Blades
  2811 | D:5      | Entered Level 5 of the Dungeon
  2831 | D:5      | Found Vixiwif's Weapon Emporium.
  3583 | D:5      | Reached skill level 5 in Fighting
  3583 | D:5      | Reached XP level 8. HP: 47/49 MP: 13/15
  3752 | D:5      | Reached skill level 5 in Spellcasting
  4381 | D:6      | Found a sand-covered staircase.
  4394 | Ossuary  | Entered an ossuary
  4621 | Ossuary  | Reached skill level 5 in Armour
  4621 | Ossuary  | Reached XP level 9. HP: 45/54 MP: 15/17
  5589 | D:7      | Found a staircase to the Ecumenical Temple.
  5598 | Temple   | Entered the Ecumenical Temple
  6025 | D:7      | Noticed a centaur warrior
  6045 | D:7      | Killed a centaur warrior
  6046 | D:7      | Reached skill level 1 in Stealth
  6061 | D:7      | Gained mutation: Your movements are less encumbered by
                  | armour. (ER -4) [Skeleton growth]
  6061 | D:7      | Reached XP level 10. HP: 57/60 MP: 16/20
  6104 | D:7      | Found a shimmering blue altar of Sif Muna.
  6196 | D:7      | Found Ziehytin's Antique Armour Emporium.
  6200 | D:7      | Bought a runed helmet for 187 gold pieces
  6434 | D:7      | Found an opulent altar of Gozag.
  6536 | D:8      | Reached skill level 5 in Short Blades
  6577 | D:7      | Became a worshipper of Gozag Ym Sagoz the Greedy
  6884 | D:8      | Reached skill level 5 in Dodging
  7257 | D:9      | Noticed a five-headed hydra
  7260 | D:9      | Found a shadowy altar of Dithmenos.
  7419 | D:9      | Found a flagged portal.
  7477 | Bailey   | Entered a bailey
  7689 | Bailey   | Noticed an orc knight
  7774 | Bailey   | Killed an orc knight
  7888 | Bailey   | Reached skill level 1 in Throwing
  8063 | D:9      | Killed a one-headed hydra
  8160 | D:9      | Reached XP level 11. HP: 57/67 MP: 20/23
  8213 | D:9      | HP: 2/67 [basilisk (11)]
  8214 | D:9      | Slain by an acid dragon

Skill      XL: |  1  2  3  4  5  6  7  8  9 10 |
---------------+-------------------------------+-----
Long Blades    | 3 4 5 7 8 9 |  9.6
Spellcasting   | 1 2 3 4 5 7 8 |  8.5
Dodging        | 1 2 3 4 5 |  5.8
Shields        | 4 5 6 7 9 |  9.1
Short Blades   | 1 2 3 4 5 |  5.8
Fighting       | 4 5 6 7 |  7.1
Armour         | 4 5 6 |  6.8
Stealth        | 1 |  1.2
Throwing       | 1 |  1.7
Evocations     | |  0.1

Action                   |  1- 3 |  4- 6 |  7- 9 | 10-12 || total
-------------------------+-------+-------+-------+-------++-------
Melee: Long sword        |    26 |       |   171 |    48 ||   245
       Dagger            |    45 |   150 |   359 |   210 ||   764
Throw: Tomahawk          |       |       |     1 |    43 ||    44
Evoke: Wand              |       |       |       |     3 ||     3
  Use: Scroll            |     1 |     4 |     9 |     3 ||    17
 Stab: Distracted        |       |       |       |     1 ||     1
Armor: Scale mail        |    32 |    44 |    82 |       ||   158
       Chain mail        |       |       |    90 |    74 ||   164
       Plate armour      |       |       |       |    27 ||    27
Dodge: Dodged            |    14 |    32 |    88 |    71 ||   205
Block: Medium shield     |    47 |    84 |   350 |   252 ||   733
       Reflection        |     2 |     2 |     7 |       ||    11
